 Dungeon Crawl Stone Soup version 0.31-a0-1002-g8e65716e6e (webtiles) character file.

Game seed: 14720213830352173998

102 Gargoyl the Trooper (level 4, -1/29 HPs)
             Began as a Gargoyle Berserker on Nov 9, 2023.
             Was a Believer of Trog.
             Killed by divine providence
             ... invoked by an orc priest
              (15 damage)
             ... on level 3 of the Dungeon.
             The game lasted 00:02:41 (1972 turns).

Gargoyl the Trooper (Gargoyle Berserker)            Turns: 1972, Time: 00:02:41

Health: -1/29      AC:  6    Str: 26    XL:     4   Next: 78%
Magic:  4/4        EV: 12    Int:  7    God:    Trog [**....]
Gold:   127        SH:  0    Dex: 11    Spells: 3/3 levels left

rFire   . . .        a - +1 hand axe
rCold   . . .        (no shield)
rNeg    + . .        b - +0 animal skin
rPois   ∞            (no helmet)
rElec   +            (no cloak)
rCorr   +            i - +0 pair of gloves of the Valley of Death {rCorr Str+5}
SInv    .            (no boots)
Will    .....        (no amulet)
Stlth   ++           (no ring)
HPRegen 0.24/turn    (no ring)
MPRegen 0.09/turn

%: no passive effects
@: no status effects
A: sickness immunity, AC +3, negative energy resistance 1, electricity
resistance, torment resistance 1, petrification resistance
a: Renounce Religion, Berserk, Trog's Hand


You were on level 3 of the Dungeon.
You worshipped Trog.
Trog was pleased with you.
You visited 1 branch of the dungeon, and saw 3 of its levels.

You collected 127 gold pieces.

Inventory:

Hand Weapons
 a - a +1 hand axe (weapon)
Armour
 b - a +0 animal skin (worn)
 i - the +0 pair of gloves of the Valley of Death (worn) {rCorr Str+5}
   (You found it on level 2 of the Dungeon)

   Str+5:     It affects your strength (+5).
   rCorr:     It protects you from acid and corrosion.
Wands
 e - a wand of iceblast (8)
Scrolls
 g - 3 scrolls of identify
 h - 2 scrolls of teleportation {unknown}
 k - a scroll of revelation {unknown}
 m - a scroll of poison {unknown}
Potions
 c - a potion of haste
 d - 3 potions of heal wounds
 f - a potion of invisibility
 j - a potion of curing {unknown}
 l - a potion of brilliance {unknown}


   Skills:
 + Level 3.9 Fighting
 + Level 3.9 Axes
 + Level 2.3 Armour
 + Level 2.1 Dodging
 + Level 1.3 Stealth


You had 3 spell levels left.
You didn't know any spells.
Your spell library was empty.

Dungeon Overview and Level Annotations

Branches:
Dungeon (3/15)

Altars:


Innate Abilities, Weirdness & Mutations

You are immune to sickness and miasma.
Your stone body is resilient. (AC +3)
You are immune to poison.
You resist negative energy. (rN+)
You are resistant to electric shocks. (rElec)
You are resistant to unholy torment.
You are immune to petrification.


Message History

You slash the adder!
You kill the adder!
Trog accepts your kill. The orc hits you with a +0 flail.
Unknown command.
You slash the orc!
You kill the orc!
Trog accepts your kill.
The orc priest looks encouraged for a moment.
Unknown command.
You closely miss the orc. The orc closely misses you.
Unknown command.
You slash the orc!
You kill the orc!
Trog accepts your kill.
You barely miss the orc. The orc hits you but does no damage.
Unknown command.
You hit the orc priest.
The orc priest is lightly wounded.
You hit the orc.
The orc priest mumbles some strange prayers to Beogh against you.
Pain shoots through your body!
The orc hits you with a +2 dagger of venom.
You barely miss the orc priest.
The orc priest is lightly wounded.
You hit the orc.
You kill the orc!
Trog accepts your kill. The orc priest closely misses you.
Unknown command.
You hit the orc priest.
The orc priest is heavily wounded.
The orc priest hits you with a +0 hand axe.
Unknown command.
You hit the orc priest.
The orc priest is severely wounded.
The orc priest calls down the wrath of Beogh upon you.
Beogh smites you!
Ouch! That really hurt!
You die...

##..#.....#
##########...##.<..#
...........#.#######
.......#####.# ........#
#.# ........# #.#####
...>....# #.. ..#######
...(....########.)......
............<...@o......
.......##########.......
.......## #######
........# ........#
........# .....†..#
........# .......##


You could see an orc priest.

Vanquished Creatures
  2 adders
  2 worms
  4 dart slugs
  3 orcs (D:3)
  2 ball pythons
  6 bats
  5 endoplasms
  5 giant cockroaches (D:1)
  8 goblins
  5 hobgoblins
  4 kobolds
  6 quokkas
  2 frilled lizards (D:1)
  6 rats
60 creatures vanquished.

Vanquished Creatures (collateral kills)
  A ball python (D:2)
1 creature vanquished.

Grand Total: 61 creatures vanquished

Notes
Turn   | Place    | Note
-------+----------+-------------------------------------------
     0 | D:1      | Gargoyl the Gargoyle Berserker began the quest for the Orb.
     0 | D:1      | Reached XP level 1. HP: 14/14 MP: 1/1
    85 | D:1      | Reached XP level 2. HP: 17/19 MP: 2/2
   331 | D:1      | Reached XP level 3. HP: 24/24 MP: 3/3
   900 | D:2      | HP: 1/24 [worm (1)]
  1055 | D:2      | Identified the +0 pair of gloves of the Valley of Death
                  | {rCorr Str+5}
  1308 | D:2      | Reached ** piety under Trog
  1309 | D:2      | Reached XP level 4. HP: 29/29 MP: 4/4
  1429 | D:2      | Reached skill level 1 in Stealth
  1972 | D:3      | Killed from afar by an orc priest

Illustrated notes

Levels and vault maps discovered:
D:1:      spicycebolla_green_bress_n_ham_2, layout_basic
D:2:      layout_basic, serial_glass, glass_columns_b, glass_columns_a,
          glass_columns_b, glass_columns_a
D:3:      layout_rooms

Skill      XL: |  1  2  3  4 |
---------------+-------------+-----
Axes           | 3 |  3.9
Stealth        | 1 |  1.3
Dodging        | 2 |  2.1
Fighting       | |  3.9
Armour         | |  2.3

Action                     |  1- 3 |  4- 6 || total
---------------------------+-------+-------++-------
  Melee: Hand axe          |   115 |    52 ||   167
         Punch             |     4 |       ||     4
 Invoke: Berserk           |     4 |     1 ||     5
    Use: Scroll            |     3 |     4 ||     7
   Stab: Sleeping          |     1 |     1 ||     2
 Armour: Animal skin       |    71 |    21 ||    92
  Dodge: Dodged            |    78 |    31 ||   109

Table legend: (Time is in decaauts)
 A = Elapsed time spent in this place.
 B = Non-inter-level travel time spent in this place.
 C = Inter-level travel time spent in this place.
 D = Time resting spent in this place.
 E = Time spent auto-exploring this place.
 F = Levels seen in this place.
 G = Mean time per level.
                   A        B        C        D        E       F      G
               +--------+--------+--------+--------+--------+-----+--------+
         Total |   2042 |   2020 |     22 |      0 |   1432 |   3 |  680.7 |
       Dungeon |   2042 |   2020 |     22 |      0 |   1432 |   3 |  680.7 |
               +--------+--------+--------+--------+--------+-----+--------+

Top non-repeatable levels by time:
     D:2: 948 daAuts
     D:1: 744 daAuts
     D:3: 349 daAuts
